 Dungeon Crawl Stone Soup version 0.24-a0-458-gfcb5e6da0e (webtiles) character file.

Game seed: 17317556764030025589

2286 pk666 the Thaumaturge (level 9, -17/45 HPs)
             Began as a Deep Elf Wizard on June 27, 2019.
             Was an Initiate of Vehumet.
             Shot with an arrow by a centaur warrior (20 damage)
             ... on level 9 of the Dungeon.
             The game lasted 00:26:17 (10707 turns).

pk666 the Thaumaturge (Deep Elf Wizard)            Turns: 10707, Time: 00:26:18

Health: -17/45     AC:  4    Str:  4    XL:     9   Next: 17%
Magic:  5/24       EV: 15    Int: 27    God:    Vehumet [......]
Gold:   409        SH:  0    Dex: 13    Spells: 17/26 levels left

rFire    . . .     SeeInvis .   u - +4 dagger
rCold    + . .     Gourm    .   (no shield)
rNeg     . . .     Faith    .   a - +0 robe
rPois    .         Spirit   .   b - +0 hat
rElec    .         Reflect  .   (no cloak)
rCorr    +         Harm     .   q - +0 pair of gloves
MR       .....                  h - +0 pair of boots
Stlth    ++........             (no amulet)
HPRegen  0.15/turn              k - ring of resist corrosion
MPRegen  0.19/turn              A - ring of protection from cold

@: no status effects
A: no striking features
a: Renounce Religion


You were on level 9 of the Dungeon.
You worshipped Vehumet.
Vehumet was noncommittal.
You were hungry.

You visited 2 branches of the dungeon, and saw 10 of its levels.

You collected 519 gold pieces.
You spent 110 gold pieces at shops.

Inventory:

Hand Weapons
 u - a +4 dagger (weapon)
 y - a +0 dagger of venom
Armour
 a - a +0 robe (worn)
 b - a +0 hat (worn)
 h - a +0 pair of boots (worn)
 q - a +0 pair of gloves (worn)
Jewellery
 e - a +5 ring of dexterity {unknown}
 k - a ring of resist corrosion (left hand)
 s - an uncursed ring of positive energy
 A - a ring of protection from cold (right hand)
Wands
 t - a wand of digging (2)
Scrolls
 c - 4 scrolls of teleportation
 i - 4 scrolls of remove curse
 j - 2 scrolls of amnesia
 l - 5 scrolls of identify
 m - 2 scrolls of fog
 o - a scroll of enchant weapon
 p - a scroll of blinking {unknown}
 x - 2 scrolls of enchant armour {unknown}
 z - a scroll of magic mapping {unknown}
 C - a scroll of acquirement {unknown}
Potions
 f - 5 potions of curing
 g - 2 potions of degeneration {unknown}
 n - 3 potions of lignification
 r - 2 potions of invisibility {unknown}
 v - a potion of might
 w - a potion of mutation
Comestibles
 d - 12 rations


   Skills:
 + Level 5.4 Dodging
 - Level 2.4 Stealth
 + Level 9.2 Spellcasting
 + Level 6.7 Conjurations
   Level 1.1 Summonings
 - Level 3.0 Translocations
 + Level 6.2 Fire Magic
 - Level 2.0 Air Magic
 - Level 3.1 Poison Magic


You had 17 spell levels left.
You knew the following spells:

 Your Spells              Type           Power        Failure   Level  Hunger
a - Magic Dart            Conj           ####         1%          1    None
b - Blink                 Tloc           N/A          1%          2    None
c - Conjure Flame         Conj/Fire      #####...     1%          3    None
d - Mephitic Cloud        Conj/Pois/Air  ####....     2%          3    None

Your spell library contained the following spells:

 Spells                   Type           Power        Failure   Level  Hunger
 Sting                    Conj/Pois      ####         1%          1    None
 Poisonous Vapours        Pois/Air       ####..       2%          2    None
 Dazzling Spray           Conj/Hex       ####..       3%          3    None
 Corona                   Hex            ##.....      4%          1    None
 Call Imp                 Summ           ###.....     4%          2    None
 Ensorcelled Hibernation  Hex/Ice        ##....       7%          2    None
 Slow                     Hex            ##......     7%          2    None
 Olgreb's Toxic Radiance  Pois           ####....     13%         4    #......
 Confuse                  Hex            ##......     14%         3    None
 Tukima's Dance           Hex            ##......     14%         3    None
 Venom Bolt               Conj/Pois      #####.....   17%         5    ####...


Dungeon Overview and Level Annotations

Branches:
Dungeon (9/15)             Temple (1/1) D:7
   Lair: D:8-11         Orc: D:9-12

Altars:
Ashenzari
Cheibriados
Dithmenos
Elyvilon
Fedhas
Gozag
Hepliaklqana
Kikubaaqudgha
Makhleb
Nemelex Xobeh
Okawaru
Qazlal
Ru
Sif Muna
Trog
Uskayaw
Vehumet
Wu Jian
Xom
Yredelemnul
Zin
The Shining One

Shops:
D:4 !

Annotations:
D:2 exclusion: downstairs
D:7 exclusion: downstairs
D:8 exclusions: downstairs and 5 more exclusions


Message History

A killer bee comes into view.
The killer bee is engulfed in noxious fumes.
Casting: Mephitic Cloud (safe; 2% risk of failure)
Confirm with . or Enter, or press ? or * to list all spells.
You don't know that spell.
The centaur warrior shoots an arrow.
The arrow barely misses you.
The killer bee is engulfed in noxious fumes.
The killer bee appears confused.
The centaur warrior shoots an arrow.
The arrow hits you!
* * * LOW HITPOINT WARNING * * *
The killer bee is engulfed in noxious fumes.
The killer bee appears confused.
You see here an arrow.
Casting: Mephitic Cloud (safe; 2% risk of failure)
Confirm with . or Enter, or press ? or * to list all spells.
You blink.
The killer bee is engulfed in noxious fumes. x2
The killer bee appears confused.
The centaur warrior shoots an arrow.
The arrow hits you!!
You die...

### .. #<#
...####.#
........####.##
...........?...
#. ###.#
#..####(#
#.......###
........(@###.#
....##.§......#
... #$☼y☼###.#
#. ..
c......○y.# #.
. ....##.#☼○#
#.#. ..c.
...... .#...
.....##....?.
.#..##.....
#.......
........... #.
.###.#


You could see a centaur warrior and 2 killer bees.

Vanquished Creatures
  Prince Ribbit (D:6)
  Duvessa (D:4)
  A sky beast (D:5)
  An ice beast (D:9)
  A phantom (D:5)
  3 ogres
  2 centaurs
  5 big kobolds
  A bullfrog (D:6)
  Dowan (D:4)
  A crimson imp (D:8)
  A centaur skeleton (D:4)
  A hound (D:6)
  A jelly (D:6)
  7 orc wizards
  4 orc priests
  A bullfrog skeleton (D:5)
  Ijyb (D:3)
  An iguana (D:6)
  A worker ant (D:6)
  A killer bee zombie (D:6)
  2 hound zombies
  Robin (D:3)
  2 gnolls (D:5)
  6 adders
  A shadow imp (D:7)
  2 adder zombies
  3 worms (D:2)
  A dart slug (D:4)
  8 leopard geckos
  10 orcs
  4 giant cockroaches
  14 goblins
  13 hobgoblins
  12 jackals
  8 quokkas
  A ball python (D:1)
  2 bats
  3 frilled lizards
  50 kobolds
  2 rats (D:1)
182 creatures vanquished.

Notes
Turn   | Place    | Note
-------+----------+-------------------------------------------
     0 | D:1      | pk666 the Deep Elf Wizard began the quest for the Orb.
     0 | D:1      | Reached XP level 1. HP: 10/10 MP: 7/7
   303 | D:1      | Reached XP level 2. HP: 15/15 MP: 7/9
  1148 | D:1      | Reached XP level 3. HP: 19/19 MP: 7/11
  1187 | D:1      | Learned a level 2 spell: Blink
  1191 | D:1      | Learned a level 3 spell: Conjure Flame
  1195 | D:1      | Learned a level 3 spell: Mephitic Cloud
  2279 | D:3      | Reached skill level 5 in Spellcasting
  2279 | D:3      | Noticed Robin
  2316 | D:3      | Found a shadowy altar of Dithmenos.
  2491 | D:3      | Noticed Ijyb
  2540 | D:2      | Reached XP level 4. HP: 3/24 MP: 2/13
  2909 | D:3      | Killed Ijyb
  2909 | D:3      | Reached skill level 1 in Fire Magic
  2909 | D:3      | Reached skill level 1 in Poison Magic
  3219 | D:3      | Killed Robin
  3351 | D:3      | Reached skill level 1 in Air Magic
  3528 | D:3      | Found a deep blue altar of Sif Muna.
  3755 | D:4      | Found Lach's Distillery.
  3766 | D:4      | Bought a potion of mutation for 80 gold pieces
  3766 | D:4      | Bought a potion of curing for 30 gold pieces
  3890 | D:4      | Reached XP level 5. HP: 28/28 MP: 3/14
  4050 | D:4      | Noticed Duvessa
  4051 | D:4      | Noticed Dowan
  4334 | D:4      | Found a snail-covered altar of Cheibriados.
  4384 | D:4      | Killed Duvessa
  4384 | D:4      | Reached XP level 6. HP: 11/32 MP: 7/16
  4393 | D:4      | Killed Dowan
  4631 | D:4      | Reached skill level 6 in Spellcasting
  4802 | D:5      | Entered Level 5 of the Dungeon
  5187 | D:5      | Noticed a sky beast
  5230 | D:5      | Killed a sky beast
  5230 | D:5      | Reached XP level 7. HP: 36/36 MP: 4/18
  6056 | D:5      | Reached skill level 7 in Spellcasting
  6296 | D:5      | Reached skill level 5 in Conjurations
  6296 | D:5      | Reached XP level 8. HP: 36/41 MP: 5/21
  7368 | D:5      | Reached skill level 8 in Spellcasting
  7368 | D:5      | Reached skill level 5 in Fire Magic
  7792 | D:6      | Noticed Prince Ribbit
  7802 | D:6      | Killed Prince Ribbit
  8693 | D:6      | Found a bloodstained altar of Trog.
  8697 | D:6      | Found a hide-covered altar of Uskayaw.
  8722 | D:6      | Found a stormy altar of Qazlal.
  8994 | D:6      | Identified the +8 hunting sling "Voguho" {velocity, rPois
                  | Dex+5} (You found it on level 6 of the Dungeon)
  9188 | D:7      | Reached skill level 5 in Dodging
  9188 | D:7      | Reached XP level 9. HP: 45/45 MP: 10/23
  9389 | D:7      | Found a staircase to the Ecumenical Temple.
  9411 | Temple   | Entered the Ecumenical Temple
  9482 | Temple   | Became a worshipper of Vehumet
  9510 | D:7      | Found a sacrificial altar of Ru.
  9810 | D:8      | Reached skill level 9 in Spellcasting
 10627 | D:9      | Noticed a centaur warrior
 10706 | D:9      | HP: 2/45 [centaur warrior/arrow (16)]
 10707 | D:9      | Shot with an arrow by a centaur warrior

Levels and vault maps discovered:
D:1:      ncdulo_smallfort, layout_loops_corners, serial_glass, glass_columns_a,
          glass_columns_a, minmay_hexomino_u4
D:2:      layout_basic
D:3:      layout_rooms, grunt_dithmenos_smoke, led_sif_pool, uniq_ijyb,
          uniq_robin
D:4:      layout_rooms, lemuel_doored_altar, serial_shops,
          nicolae_shop_waterfront, uniq_duvessa
D:5:      minmay_goblin_kobold_castle, layout_basic, first_ration
D:6:      layout_basic, minitemple, grunt_decor_mini_mirrors,
          uniq_prince_ribbit1
D:7:      layout_cave_pools, kennysheep_mini_moat, minmay_temple_entry_offerings
D:8:      layout_basic
D:9:      layout_basic, dpeg_oklobed_lair, david_nohive_1, minivault_14,
          uniq_joseph, uniq_erica, uniq_erolcha, uniq_gastronok
Temple:   compressed_dpeg_circular_temple

Skill      XL: |  1  2  3  4  5  6  7  8  9 |
---------------+----------------------------+-----
Dodging        | 3 5 |  5.4
Conjurations   | 2 3 5 6 |  6.7
Spellcasting   | 5 6 7 8 9 |  9.2
Fire Magic     | 1 2 3 4 5 6 |  6.2
Poison Magic   | 1 2 3 |  3.1
Air Magic      | 1 2 |  2.0
Translocations | 2 3 |  3.0
Stealth        | |  2.4
Summonings     | |  1.1

Action                   |  1- 3 |  4- 6 |  7- 9 || total
-------------------------+-------+-------+-------++-------
Melee: Dagger            |    11 |     9 |    10 ||    30
 Cast: Magic Dart        |   120 |   126 |   304 ||   550
       Mephitic Cloud    |     1 |    10 |    19 ||    30
       Blink             |       |     4 |     3 ||     7
       Conjure Flame     |       |     7 |    12 ||    19
  Use: Potion            |       |     1 |       ||     1
       Scroll            |       |       |     8 ||     8
 Stab: Confused          |     1 |       |       ||     1
  Eat: Chunk             |     4 |     4 |     7 ||    15
       Ration            |       |     1 |     3 ||     4
Armor: Robe              |     5 |     8 |    13 ||    26
Dodge: Dodged            |    12 |    13 |    38 ||    63

Table legend:
 A = Non-vault XP
 B = Vault XP
 C = Vault XP percentage of total XP
 D = Non-vault monster count
 E = Vault monster count
 F = Vault count percentage of total count
                 A         B        C        D         E       F
            +---------+---------+-------+---------+---------+-------
      Total |    2212 |    1054 |  32.3 |     114 |      68 |  37.4
            +---------+---------+-------+---------+---------+-------
        D:1 |      36 |       6 |  14.3 |      21 |       4 |  16.0
        D:2 |      30 |       2 |   6.2 |      12 |       1 |   7.7
        D:3 |      27 |      74 |  73.3 |       7 |      13 |  65.0
        D:4 |     237 |     210 |  47.0 |      16 |       2 |  11.1
        D:5 |     762 |     498 |  39.5 |      24 |      47 |  66.2
        D:6 |     420 |     264 |  38.6 |      16 |       1 |   5.9
        D:7 |     262 |       0 |   0.0 |       6 |       0 |   0.0
        D:8 |     307 |       0 |   0.0 |      10 |       0 |   0.0
        D:9 |     131 |       0 |   0.0 |       2 |       0 |   0.0
            +---------+---------+-------+---------+---------+-------
